Map: Вечная империя РВ

Players

Firevino

  • Race: Protoss Protoss
  • League: Platinum
  • Spawn Location: 1:00

ИИ 1 (новичок)

  • Race: Protoss Protoss
  • Spawn Location: 7:00

VOD

Have the link to the VOD?

Description

Time

  • Played on: May 28, 2020, 5:53 a.m.
  • Length: 46:43
Show
View Real Time Build Order
Export as new Build Order

Firevino Protoss 

Build Orders: Blink Stalkers 

Get SALT Encoding   

  1  0:00  Terran Ship Armor Level 2, Zerg Missile Weapons Level 3, Terran Vehicle Armor Level 1, Protoss Air Armor Level 1, Zerg Missile Weapons Level 2, Protoss Air Armor Level 2, Zerg Ground Armor Level 1, Protoss Air Weapons Level 1, Terran Vehicle Weapons Level 1, Zerg Ground Armor Level 3, Protoss Air Weapons Level 3, Protoss Ground Armor Level 1, Terran Ship Armor Level 1, Protoss Ground Weapons Level 1, Protoss Ground Weapons Level 3, Zerg Ground Armor Level 2, Protoss Ground Armor Level 2, Terran Ship Weapons Level 3, Protoss Ground Armor Level 3, Protoss Shields Level 3, Protoss Air Weapons Level 2, Terran Infantry Armor Level 3, Terran Vehicle Weapons Level 2, Zerg Melee Weapons Level 1, Blink, Terran Ship Weapons Level 1, Protoss Ground Weapons Level 2, Zerg Flyer Weapons Level 1, Zerg Flyer Weapons Level 3, Terran Infantry Weapons Level 3, Zerg Flyer Armor Level 1, Zerg Melee Weapons Level 2, Terran Infantry Armor Level 1, Zerg Flyer Weapons Level 2, Terran Vehicle Weapons Level 3, Terran Ship Armor Level 3, Protoss Shields Level 2, Terran Infantry Armor Level 2, Terran Vehicle Armor Level 3, Terran Infantry Weapons Level 2, Terran Vehicle Armor Level 2, Zerg Flyer Armor Level 2, Protoss Shields Level 1, Zerg Flyer Armor Level 3, Zerg Melee Weapons Level 3, Zerg Missile Weapons Level 1, Terran Infantry Weapons Level 1, Terran Ship Weapons Level 2, Protoss Air Armor Level 3  
    0:12  Resonating Glaives, Charge, Weapon Refit, Stimpack, Neosteel Armor, Warp Gate, Extended Thermal Lance  
    0:19  Adrenal Glands, Ventral Sacs  
    0:25  Enduring Locusts  
    0:26  Personal Cloaking  
    0:33  Glial Reconstitution, Tunneling Claws, Centrifical Hooks, Infernal Pre-Igniter, Chitinous Plating, Combat Shield, Corvid Reactor, Cloaking Field, Durable Materials, Metabolic Boost, Psionic Storm, Neural Parasite, Neosteel Frame  
    0:41  Muscular Augments x2, Burrow  
    0:55  Gravitic Drive, Hi-Sec Auto Tracking, Pathogen Glands, Graviton Catapult, Gravitic Boosters, Caduceus Reactor, Behemoth Reactor, Moebius Reactor  
    1:09  Pneumatized Carapace, Concussive Shells  
    1:52  Unknown x5  
    4:41  Probe x12  
    4:53  Unknown  
    4:55  Protoss Shields Level 3, Protoss Ground Armor Level 3, Protoss Ground Weapons Level 3  
    4:56  Probe  
  13  5:10  Pylon, Probe  
  14  5:17  Zerg Missile Weapons Level 3, Terran Ship Weapons Level 3, Zerg Flyer Armor Level 3, Zerg Melee Weapons Level 3, Terran Vehicle Weapons Level 3, Terran Ship Armor Level 3, Zerg Ground Armor Level 3, Terran Infantry Armor Level 3, Protoss Air Weapons Level 3, Terran Vehicle Armor Level 3, Zerg Flyer Weapons Level 3, Terran Infantry Weapons Level 3, Protoss Air Armor Level 3  
  14  5:20  Protoss Ground Armor Level 2, Protoss Shields Level 2, Protoss Ground Weapons Level 2  
  14  5:23  Probe  
  15  5:29  Gateway  
  15  5:35  Probe  
  15  5:38  Terran Ship Armor Level 2, Zerg Ground Armor Level 2, Zerg Flyer Armor Level 2, Protoss Air Weapons Level 2, Zerg Missile Weapons Level 2, Protoss Air Armor Level 2, Zerg Flyer Weapons Level 2, Terran Vehicle Armor Level 2, Terran Vehicle Weapons Level 2, Terran Infantry Armor Level 2, Terran Ship Weapons Level 2, Zerg Melee Weapons Level 2, Terran Infantry Weapons Level 2  
  15  5:39  Assimilator  
  16  5:45  Protoss Shields Level 1, Protoss Ground Armor Level 1, Protoss Ground Weapons Level 1  
  16  5:47  Probe (Chrono Boost)  
  17  5:53  Blink  
  17  6:00  Terran Vehicle Armor Level 1, Protoss Air Armor Level 1, Terran Infantry Armor Level 1, Zerg Ground Armor Level 1, Probe (Chrono Boost), Protoss Air Weapons Level 1, Zerg Melee Weapons Level 1, Terran Infantry Weapons Level 1, Terran Ship Weapons Level 1, Terran Vehicle Weapons Level 1, Zerg Missile Weapons Level 1, Terran Ship Armor Level 1, Zerg Flyer Weapons Level 1, Zerg Flyer Armor Level 1  
  18  6:07  Probe (Chrono Boost)  
  19  6:14  Resonating Glaives, Charge, Weapon Refit, Stimpack, Neosteel Armor, Warp Gate, Extended Thermal Lance, Probe  
  20  6:19  Cybernetics Core  
  20  6:21  Adrenal Glands, Ventral Sacs  
  20  6:26  Probe  
  20  6:27  Enduring Locusts  
  20  6:28  Personal Cloaking  
  21  6:35  Glial Reconstitution, Tunneling Claws, Centrifical Hooks, Pylon, Infernal Pre-Igniter, Combat Shield, Chitinous Plating, Corvid Reactor, Cloaking Field, Durable Materials, Metabolic Boost, Psionic Storm, Neural Parasite, Neosteel Frame  
  21  6:41  Assimilator  
  21  6:42  Probe  
  21  6:43  Muscular Augments x2, Burrow  
  22  6:54  Probe  
  22  6:56  Adept (Chrono Boost)  
  22  6:57  Gravitic Drive, Hi-Sec Auto Tracking, Pathogen Glands, Graviton Catapult, Gravitic Boosters, Caduceus Reactor, Behemoth Reactor, Moebius Reactor  
  25  7:05  Nexus  
  25  7:08  Probe  
  26  7:11  Pneumatized Carapace, Concussive Shells  
  26  7:20  Probe  
  26  7:22  Stalker  
  29  7:32  Probe  
  30  7:41  Twilight Council  
  31  7:54  Unknown x5  
    8:07  Probe x12  
    8:19  Unknown  
  12  8:20  Probe  
  13  8:33  Probe  
  14  8:36  Pylon  
  14  8:45  Probe  
  15  8:55  Gateway  
  15  8:57  Probe  
  16  9:04  Assimilator  
  16  9:09  Probe  
  17  9:21  Probe (Chrono Boost)  
  18  9:33  Probe (Chrono Boost)  
  19  9:38  Probe (Chrono Boost)  
  19  9:44  Cybernetics Core  
  20  9:48  Probe  
  21  10:00  Probe  
  22  10:08  Nexus  
  22  10:18  Pylon  
  22  10:22  Assimilator  
  22  10:23  Probe  
  23  10:35  Adept (Chrono Boost)  
  23  10:36  Warp Gate  
  23  10:42  Probe  
  26  10:54  Probe  
  27  10:57  Stalker  
  29  11:06  Probe  
  29  11:10  Twilight Council  
  30  11:18  Probe  
  31  11:21  Probe  
  32  11:29  Twilight Council  
  32  11:31  Gateway  
  32  11:33  Stalker  
  32  11:39  Probe x2  
  36  11:46  Blink (Chrono Boost)  
  36  11:51  Probe x2  
  38  12:03  Probe  
  38  12:04  Probe  
  38  12:05  Robotics Facility  
  40  12:15  Probe  
  40  12:16  Probe  
  40  12:17  Pylon  
  42  12:28  Probe x2  
  42  12:29  Sentry  
  46  12:36  Stalker  
  48  12:40  Probe x2  
  50  12:52  Probe x2  
  50  12:53  Assimilator  
  50  12:57  Nexus  
  52  13:00  Pylon  
  52  13:01  Observer  
  52  13:04  Probe  
  54  13:15  Assimilator  
  54  13:17  Pylon  
  54  13:18  Probe x2  
  56  13:24  Stalker x2  
  56  13:25  Observer  
  61  13:30  Probe  
  61  13:32  Forge  
  62  13:35  Probe  
  62  13:37  Charge (Chrono Boost)  
  63  13:42  Pylon  
  63  13:44  Probe  
  63  13:47  Probe  
  65  13:49  Observer  
  66  13:56  Probe  
  66  13:59  Protoss Ground Weapons Level 1 (Chrono Boost), Probe  
  68  14:08  Probe  
  69  14:10  Observer  
  69  14:12  Probe  
  71  14:18  Gateway x2  
  71  14:24  Gateway, Probe x3  
  71  14:29  Protoss Shields Level 3 (Chrono Boost), Protoss Ground Armor Level 3 (Chrono Boost), Protoss Ground Weapons Level 3 (Chrono Boost)  
  71  14:30  Sentry x2  
  71  14:31  Warp Prism  
  78  14:36  Zerg Missile Weapons Level 3, Terran Ship Weapons Level 3, Zerg Flyer Armor Level 3, Zerg Melee Weapons Level 3, Terran Vehicle Weapons Level 3, Probe x2, Terran Ship Armor Level 3, Zerg Ground Armor Level 3, Terran Infantry Armor Level 3, Protoss Air Weapons Level 3, Terran Vehicle Armor Level 3, Zerg Flyer Weapons Level 3, Terran Infantry Weapons Level 3, Protoss Air Armor Level 3  
  78  14:37  Probe  
  83  14:48  Probe  
  83  14:49  Assimilator, Probe x2  
  86  14:52  Assimilator  
  86  14:54  Gateway, Protoss Ground Armor Level 2 (Chrono Boost), Protoss Shields Level 2 (Chrono Boost), Protoss Ground Weapons Level 2 (Chrono Boost)  
  86  14:57  Terran Ship Armor Level 2, Zerg Ground Armor Level 2, Zerg Flyer Armor Level 2, Protoss Air Weapons Level 2, Zerg Missile Weapons Level 2, Protoss Air Armor Level 2, Zerg Flyer Weapons Level 2, Terran Vehicle Armor Level 2, Terran Vehicle Weapons Level 2, Terran Infantry Armor Level 2, Terran Ship Weapons Level 2, Zerg Melee Weapons Level 2, Terran Infantry Weapons Level 2  
  86  14:59  Pylon  
  86  15:00  Probe  
  86  15:01  Probe  
  86  15:02  Sentry  
  90  15:11  Robotics Bay  
  90  15:12  Protoss Shields Level 1 (Chrono Boost), Protoss Ground Armor Level 1 (Chrono Boost), Blink, Protoss Ground Weapons Level 1 (Chrono Boost)  
  90  15:15  Sentry, Pylon  
  90  15:19  Terran Vehicle Armor Level 1, Protoss Air Armor Level 1, Terran Infantry Armor Level 1, Zerg Ground Armor Level 1, Protoss Air Weapons Level 1, Zerg Melee Weapons Level 1, Terran Infantry Weapons Level 1, Terran Ship Weapons Level 1, Terran Vehicle Weapons Level 1, Zerg Missile Weapons Level 1, Terran Ship Armor Level 1, Zerg Flyer Weapons Level 1, Zerg Flyer Armor Level 1  
  92  15:21  Gateway  
  92  15:22  Probe x2  
  92  15:23  Probe  
  95  15:31  Zealot x3  
  95  15:33  Resonating Glaives, Charge, Weapon Refit, Stimpack, Neosteel Armor, Warp Gate, Extended Thermal Lance  
  95  15:34  Probe x2  
  95  15:35  Probe  
  104  15:36  Pylon  
  104  15:38  Pylon  
  104  15:39  Observer  
  104  15:40  Adrenal Glands, Ventral Sacs  
  104  15:41  Sentry  
  107  15:46  Enduring Locusts  
  107  15:47  Personal Cloaking  
  107  15:48  Gateway  
  107  15:50  Gateway  
  107  15:54  Glial Reconstitution, Tunneling Claws, Centrifical Hooks, Infernal Pre-Igniter, Chitinous Plating, Combat Shield, Corvid Reactor, Cloaking Field, Durable Materials, Metabolic Boost, Psionic Storm, Neural Parasite, Neosteel Frame  
  107  15:58  Probe x3  
  107  16:02  Muscular Augments x2, Burrow  
  110  16:05  Observer  
  110  16:06  Stalker  
  110  16:07  Stalker x5  
  123  16:16  Gravitic Drive, Hi-Sec Auto Tracking, Pathogen Glands, Graviton Catapult, Gateway, Gravitic Boosters, Caduceus Reactor, Behemoth Reactor, Moebius Reactor  
  123  16:17  Probe x2  
  125  16:30  Pneumatized Carapace, Concussive Shells  
  125  16:38  Pylon  
  125  16:39  Pylon  
  125  16:41  Pylon  
  125  16:42  Forge  
  125  16:56  Probe  
  125  16:57  Stalker x2  
  125  16:58  Stalker x5  
  140  17:13  Unknown x5  
    19:36  Probe x12  
    19:48  Unknown  
    19:50  Probe  
  13  20:02  Probe  
  13  20:06  Pylon  
  14  20:14  Probe  
  15  20:26  Probe  
  15  20:27  Gateway  
  16  20:40  Assimilator, Probe  
  17  20:52  Probe  
  18  21:04  Probe  
  19  21:17  Probe  
  20  21:18  Nexus  
  20  21:31  Cybernetics Core  
  20  21:34  Probe  
  21  21:44  Assimilator  
  21  21:46  Probe  
  22  21:53  Pylon  
  22  22:04  Probe  
  23  22:09  Stalker (Chrono Boost)  
  23  22:15  Warp Gate  
  25  22:17  Probe  
  26  22:26  Robotics Facility  
  26  22:29  Probe  
  27  22:32  Probe  
  27  22:35  Stalker  
  30  22:41  Probe  
  31  22:44  Probe  
  32  22:53  Probe  
  32  22:56  Probe  
  34  23:04  Gateway  
  34  23:05  Probe  
  34  23:08  Probe  
  36  23:14  Observer  
  36  23:18  Probe  
  38  23:20  Probe  
  38  23:21  Robotics Bay  
  39  23:29  Pylon  
  39  23:30  Probe  
  39  23:32  Probe  
  41  23:39  Warp Prism  
  43  23:42  Probe  
  43  23:45  Probe  
  43  23:47  Gateway  
  45  23:57  Probe x2  
  47  24:09  Probe x2  
  49  24:10  Pylon  
  49  24:15  Assimilator  
  49  24:21  Probe  
  50  24:24  Probe  
  50  24:26  Nexus  
  50  24:30  Colossus  
  57  24:33  Probe  
  57  24:35  Pylon  
  57  24:36  Probe  
  59  24:41  Extended Thermal Lance  
  60  24:45  Probe  
  60  24:48  Probe  
  60  24:50  Assimilator  
  61  24:56  Twilight Council  
  61  24:57  Probe  
  61  24:58  Forge  
  62  25:00  Probe  
  62  25:06  Pylon  
  63  25:09  Probe  
  63  25:10  Stalker  
  63  25:11  Stalker  
  63  25:12  Probe  
  69  25:22  Probe  
  69  25:25  Probe  
  69  25:28  Pylon  
  71  25:32  Sentry  
  73  25:37  Colossus (Chrono Boost)  
  73  25:41  Pylon, Probe  
  80  25:50  Probe x2  
  80  25:53  Stalker, Probe  
  80  25:54  Protoss Ground Weapons Level 1 (Chrono Boost)  
  85  25:57  Templar Archives  
  85  26:02  Probe x2  
  87  26:04  Assimilator  
  87  26:05  Probe  
  87  26:08  Assimilator  
  87  26:09  Pylon  
  87  26:10  Charge (Chrono Boost)  
  88  26:17  Pylon, Probe x2  
  90  26:22  Gateway  
  90  26:24  Gateway  
  90  26:27  Gateway  
  90  26:30  Gateway  
  90  26:32  Zealot x2  
  94  26:34  Pylon, Probe x3  
  97  26:44  Pylon  
  97  26:46  Probe x3  
  100  26:47  Zealot  
  100  26:51  Colossus  
  108  26:57  Gateway  
  108  26:58  Gateway  
  108  26:59  High Templar x2  
  108  27:01  Probe x3  
  114  27:03  Archon  
  115  27:10  Zealot  
  115  27:13  Probe  
  118  27:21  Forge  
  118  27:24  Pylon  
  118  27:26  High Templar x2  
  118  27:27  High Templar x2  
  126  27:31  Archon x2  
  126  27:38  Zealot x2  
  126  27:39  Zealot  
  132  27:45  Disruptor  
  135  27:58  Gateway  
  135  28:01  Gateway  
  135  28:03  Gateway  
  135  28:05  Zealot x5  
  143  28:06  Zealot x2  
  143  28:11  Nexus  
  149  28:14  Pylon, Protoss Ground Armor Level 1, Protoss Ground Weapons Level 2  
  149  28:16  Pylon  
  149  28:18  Pylon  
  149  28:32  Disruptor  
  152  28:35  Pylon  
  152  28:36  Gravitic Drive  
  152  28:41  Blink (Chrono Boost)  
  152  28:42  Gateway  
  152  28:46  Gateway  
  152  28:53  Pylon  
  152  28:59  Robotics Facility  
  152  29:03  Photon Cannon  
  152  29:05  Photon Cannon  
  152  29:07  Disruptor, Shield Battery  
  152  29:09  Photon Cannon, High Templar x2  
  159  29:10  High Templar x2  
  163  29:18  Archon x2  
  163  29:26  Zealot x6  
  163  29:27  Zealot x2  
  179  29:41  Zealot  
  179  29:42  Zealot x2  
  179  29:43  Disruptor  
  188  29:46  Stargate  
  188  29:50  Assimilator  
  188  29:55  Assimilator  
  188  29:59  Photon Cannon  
  188  30:03  Photon Cannon  
  188  30:11  Stalker x4  
  188  30:12  Stalker x2  
  200  30:14  Nexus, Pylon  
  200  30:18  Pylon  
  200  30:28  Protoss Ground Armor Level 2, Protoss Shields Level 3, Protoss Ground Armor Level 3, Protoss Ground Weapons Level 3  
  200  30:34  Photon Cannon  
  200  30:35  Photon Cannon  
  200  30:38  Photon Cannon  
  200  30:39  Shield Battery  
  200  30:43  Photon Cannon  
  200  30:45  Photon Cannon  
  200  30:50  Zerg Missile Weapons Level 3, Terran Ship Weapons Level 3, Zerg Flyer Armor Level 3, Zerg Melee Weapons Level 3, Terran Vehicle Weapons Level 3, Terran Ship Armor Level 3, Zerg Ground Armor Level 3, Terran Infantry Armor Level 3, Protoss Air Weapons Level 3, Terran Vehicle Armor Level 3, Zerg Flyer Weapons Level 3, Terran Infantry Weapons Level 3, Protoss Air Armor Level 3  
  200  30:51  Fleet Beacon  
  200  30:53  Protoss Ground Armor Level 2, Protoss Shields Level 2, Protoss Ground Weapons Level 2  
  200  30:55  Stargate  
  200  30:57  Photon Cannon  
  200  30:59  Stargate, Photon Cannon  
  200  31:00  Stargate  
  200  31:11  Terran Ship Armor Level 2, Zerg Ground Armor Level 2, Zerg Flyer Armor Level 2, Protoss Air Weapons Level 2, Zerg Missile Weapons Level 2, Protoss Air Armor Level 2, Zerg Flyer Weapons Level 2, Terran Vehicle Armor Level 2, Terran Vehicle Weapons Level 2, Terran Infantry Armor Level 2, Terran Ship Weapons Level 2, Zerg Melee Weapons Level 2, Terran Infantry Weapons Level 2  
  200  31:18  Protoss Shields Level 1, Protoss Ground Armor Level 1, Protoss Ground Weapons Level 1  
  200  31:26  Blink  
  200  31:33  Terran Vehicle Armor Level 1, Protoss Air Armor Level 1, Terran Infantry Armor Level 1, Zerg Ground Armor Level 1, Protoss Air Weapons Level 1, Zerg Melee Weapons Level 1, Terran Infantry Weapons Level 1, Terran Ship Weapons Level 1, Terran Vehicle Weapons Level 1, Zerg Missile Weapons Level 1, Terran Ship Armor Level 1, Zerg Flyer Weapons Level 1, Zerg Flyer Armor Level 1  
  200  31:40  Stargate  
  200  31:47  Resonating Glaives, Charge, Weapon Refit, Stimpack, Neosteel Armor, Warp Gate, Extended Thermal Lance  
  200  31:54  Adrenal Glands, Ventral Sacs  
  200  32:00  Enduring Locusts  
  200  32:01  Personal Cloaking  
  200  32:08  Glial Reconstitution, Tunneling Claws, Centrifical Hooks, Infernal Pre-Igniter, Chitinous Plating, Combat Shield, Corvid Reactor, Cloaking Field, Durable Materials, Metabolic Boost, Psionic Storm, Neural Parasite, Neosteel Frame  
  200  32:16  Muscular Augments x2, Burrow  
  200  32:30  Gravitic Drive, Hi-Sec Auto Tracking, Pathogen Glands, Graviton Catapult, Gravitic Boosters, Caduceus Reactor, Behemoth Reactor, Moebius Reactor  
  200  32:44  Pneumatized Carapace, Concussive Shells  
  200  33:27  Unknown x5  
    33:34  Probe x12  
    33:46  Unknown  
    33:48  Probe  
  13  34:00  Probe  
  14  34:03  Pylon  
  14  34:12  Probe  
  15  34:23  Gateway  
  15  34:24  Probe  
  16  34:36  Probe  
  16  34:38  Assimilator  
  17  34:48  Probe  
  18  35:00  Probe  
  19  35:09  Nexus  
  19  35:13  Probe  
  20  35:24  Cybernetics Core  
  20  35:27  Probe  
  21  35:34  Assimilator  
  21  35:39  Probe (Chrono Boost)  
  22  35:46  Pylon  
  22  35:49  Probe (Chrono Boost)  
  23  36:04  Warp Gate, Stalker (Chrono Boost), Probe  
  26  36:13  Robotics Facility  
  26  36:16  Probe  
  27  36:24  Probe  
  28  36:28  Probe  
  28  36:30  Stalker (Chrono Boost)  
  31  36:36  Probe  
  32  36:40  Probe  
  33  36:48  Probe  
  33  36:52  Probe  
  35  37:00  Pylon, Probe  
  37  37:01  Observer (Chrono Boost)  
  37  37:04  Probe  
  38  37:10  Gateway  
  38  37:17  Probe  
  38  37:18  Robotics Bay, Probe  
  40  37:29  Probe  
  41  37:30  Probe  
  41  37:32  Observer  
  43  37:37  Assimilator  
  43  37:42  Probe x2  
  45  37:52  Gateway  
  45  37:54  Probe  
  46  37:59  Probe  
  47  38:06  Pylon, Probe  
  47  38:07  Extended Thermal Lance (Chrono Boost)  
  47  38:11  Probe  
  49  38:18  Probe  
  50  38:23  Probe  
  50  38:24  Colossus (Chrono Boost), Gateway  
  57  38:28  Zealot x2  
  57  38:30  Probe  
  62  38:34  Pylon  
  62  38:46  Twilight Council  
  62  38:47  Nexus  
  62  38:48  Pylon  
  62  38:49  Forge  
  62  38:51  Pylon  
  62  38:52  Probe x2  
  64  38:57  Assimilator  
  64  39:04  Probe  
  64  39:09  Probe  
  66  39:14  Colossus (Chrono Boost)  
  66  39:17  Probe  
  73  39:19  Protoss Ground Weapons Level 1 (Chrono Boost)  
  73  39:21  Probe  
  73  39:22  Charge (Chrono Boost)  
  74  39:31  Pylon  
  74  39:34  Gateway, Probe x2  
  74  39:35  Gateway  
  76  39:46  Probe  
  76  39:50  Pylon  
  76  39:52  Gateway  
  77  39:55  Pylon  
  77  39:57  Stalker  
  77  39:58  Stalker x2  
  83  40:00  Probe  
  83  40:01  Probe  
  83  40:02  Probe  
  86  40:12  Probe  
  86  40:13  Probe  
  88  40:14  Probe  
  88  40:15  Templar Archives  
  88  40:17  Assimilator  
  88  40:21  Assimilator  
  89  40:23  Sentry x3  
  89  40:25  Probe x2  
  89  40:26  Probe  
  98  40:33  Zealot  
  100  40:37  Probe  
  100  40:38  Probe x2  
  103  40:49  Colossus (Chrono Boost), Probe  
  104  40:50  Probe  
  104  40:51  Probe  
  112  40:57  Blink  
  112  41:01  Probe  
  112  41:02  Probe  
  112  41:03  Forge, Probe  
  115  41:05  Gateway  
  115  41:06  Gateway  
  115  41:09  High Templar  
  115  41:10  High Templar  
  119  41:13  Archon  
  119  41:14  Probe  
  120  41:29  Nexus, Pylon  
  120  41:30  Pylon  
  120  41:32  High Templar x2  
  124  41:33  Pylon  
  124  41:34  Pylon  
  124  41:36  Archon  
  124  41:43  Protoss Ground Armor Level 1 (Chrono Boost)  
  124  41:49  Protoss Ground Weapons Level 2 (Chrono Boost)  
  124  41:53  Gateway  
  124  41:54  Gateway  
  124  41:57  Gateway  
  124  42:00  Pylon  
  124  42:01  Warp Prism (Chrono Boost)  
  124  42:03  Pylon  
  126  42:13  Robotics Facility  
  126  42:16  Pylon  
  126  42:20  Pylon  
  126  42:24  High Templar x2  
  126  42:26  Zealot x3  
  126  42:27  Zealot x4  
  126  42:29  Archon  
  144  42:30  Disruptor (Chrono Boost)  
  147  42:38  Pylon  
  147  42:40  Photon Cannon  
  147  42:43  Photon Cannon  
  147  42:45  Photon Cannon  
  147  42:47  Zealot  
  147  42:48  Photon Cannon, Zealot x2  
  153  42:51  Shield Battery  
  153  43:03  Assimilator  
  153  43:05  Disruptor  
  156  43:08  Assimilator  
  156  43:09  Disruptor  
  159  43:12  Pylon  
  159  43:17  Zealot x3  
  159  43:18  Zealot x6  
  177  43:22  Dark Shrine  
  177  43:26  Gravitic Drive  
  177  43:32  Probe  
  178  43:36  Photon Cannon  
  178  43:38  Photon Cannon, High Templar x3  
  178  43:39  High Templar  
  178  43:40  Shield Battery  
  178  43:41  Disruptor, Protoss Ground Armor Level 2 (Chrono Boost)  
  189  43:43  Archon x2  
  189  43:57  Zealot x3  
  189  43:59  Zealot x2  
  199  44:34  Nexus  
  199  44:37  Pylon  
  199  44:40  Pylon  
  199  44:41  Pylon  
  199  44:44  Stargate  
  199  44:57  Photon Cannon  
  199  44:58  Photon Cannon  
  199  45:00  Photon Cannon  
  199  45:02  Photon Cannon  
  199  45:03  Photon Cannon  
  199  45:08  Gateway, Photon Cannon  
  199  45:09  Gateway, Shield Battery  
  199  45:11  Unknown  
  199  45:12  Gateway  
  199  45:15  Stargate  
  199  45:17  Stargate  
  199  46:10  Fleet Beacon  
Show
View Real Time Build Order
Export as new Build Order

ИИ 1 (новичок) Protoss 

Build Orders: Blink Stalkers 

Get SALT Encoding   

  1  0:00  Terran Ship Armor Level 2, Zerg Missile Weapons Level 3, Terran Vehicle Armor Level 1, Protoss Air Armor Level 1, Zerg Missile Weapons Level 2, Protoss Air Armor Level 2, Zerg Ground Armor Level 1, Protoss Air Weapons Level 1, Terran Vehicle Weapons Level 1, Zerg Ground Armor Level 3, Protoss Air Weapons Level 3, Protoss Ground Armor Level 1, Terran Ship Armor Level 1, Protoss Ground Weapons Level 1, Protoss Ground Weapons Level 3, Zerg Ground Armor Level 2, Protoss Ground Armor Level 2, Terran Ship Weapons Level 3, Protoss Ground Armor Level 3, Protoss Shields Level 3, Protoss Air Weapons Level 2, Terran Infantry Armor Level 3, Terran Vehicle Weapons Level 2, Zerg Melee Weapons Level 1, Blink, Terran Ship Weapons Level 1, Protoss Ground Weapons Level 2, Zerg Flyer Weapons Level 1, Zerg Flyer Weapons Level 3, Terran Infantry Weapons Level 3, Zerg Flyer Armor Level 1, Zerg Melee Weapons Level 2, Terran Infantry Armor Level 1, Zerg Flyer Weapons Level 2, Terran Vehicle Weapons Level 3, Terran Ship Armor Level 3, Protoss Shields Level 2, Terran Infantry Armor Level 2, Terran Vehicle Armor Level 3, Terran Infantry Weapons Level 2, Terran Vehicle Armor Level 2, Zerg Flyer Armor Level 2, Protoss Shields Level 1, Zerg Flyer Armor Level 3, Zerg Melee Weapons Level 3, Zerg Missile Weapons Level 1, Terran Infantry Weapons Level 1, Terran Ship Weapons Level 2, Protoss Air Armor Level 3  
    0:12  Resonating Glaives, Charge, Weapon Refit, Stimpack, Neosteel Armor, Warp Gate, Extended Thermal Lance  
    0:19  Adrenal Glands, Ventral Sacs  
    0:25  Enduring Locusts  
    0:26  Personal Cloaking  
    0:33  Glial Reconstitution, Tunneling Claws, Centrifical Hooks, Infernal Pre-Igniter, Chitinous Plating, Combat Shield, Corvid Reactor, Cloaking Field, Durable Materials, Metabolic Boost, Psionic Storm, Neural Parasite, Neosteel Frame  
    0:41  Muscular Augments x2, Burrow  
    0:55  Gravitic Drive, Hi-Sec Auto Tracking, Pathogen Glands, Graviton Catapult, Gravitic Boosters, Caduceus Reactor, Behemoth Reactor, Moebius Reactor  
    1:09  Pneumatized Carapace, Concussive Shells  
    1:52  Unknown x5  
    4:41  Probe x12  
    4:53  Unknown  
    4:54  Probe  
    4:55  Protoss Shields Level 3, Protoss Ground Armor Level 3, Protoss Ground Weapons Level 3  
  13  5:06  Probe  
  14  5:15  Pylon  
  14  5:17  Zerg Missile Weapons Level 3, Terran Ship Weapons Level 3, Zerg Flyer Armor Level 3, Zerg Melee Weapons Level 3, Terran Vehicle Weapons Level 3, Terran Ship Armor Level 3, Zerg Ground Armor Level 3, Terran Infantry Armor Level 3, Protoss Air Weapons Level 3, Terran Vehicle Armor Level 3, Zerg Flyer Weapons Level 3, Terran Infantry Weapons Level 3, Protoss Air Armor Level 3  
  14  5:18  Probe  
  14  5:20  Protoss Ground Armor Level 2, Protoss Shields Level 2, Protoss Ground Weapons Level 2  
  15  5:29  Probe  
  16  5:37  Probe  
  16  5:38  Terran Ship Armor Level 2, Zerg Ground Armor Level 2, Zerg Flyer Armor Level 2, Protoss Air Weapons Level 2, Zerg Missile Weapons Level 2, Protoss Air Armor Level 2, Zerg Flyer Weapons Level 2, Terran Vehicle Armor Level 2, Terran Vehicle Weapons Level 2, Terran Infantry Armor Level 2, Terran Ship Weapons Level 2, Zerg Melee Weapons Level 2, Terran Infantry Weapons Level 2  
  17  5:45  Protoss Shields Level 1, Protoss Ground Armor Level 1, Protoss Ground Weapons Level 1  
  17  5:46  Probe  
  18  5:52  Pylon  
  18  5:53  Blink  
  18  5:54  Pylon, Probe  
  18  6:00  Terran Vehicle Armor Level 1, Protoss Air Armor Level 1, Terran Infantry Armor Level 1, Zerg Ground Armor Level 1, Protoss Air Weapons Level 1, Zerg Melee Weapons Level 1, Terran Infantry Weapons Level 1, Terran Ship Weapons Level 1, Terran Vehicle Weapons Level 1, Zerg Missile Weapons Level 1, Terran Ship Armor Level 1, Zerg Flyer Weapons Level 1, Zerg Flyer Armor Level 1  
  18  6:02  Probe  
  19  6:06  Gateway  
  20  6:14  Resonating Glaives, Charge, Weapon Refit, Stimpack, Neosteel Armor, Warp Gate, Extended Thermal Lance, Probe  
  21  6:21  Adrenal Glands, Ventral Sacs  
  21  6:26  Probe  
  21  6:27  Enduring Locusts  
  21  6:28  Personal Cloaking  
  22  6:35  Glial Reconstitution, Tunneling Claws, Centrifical Hooks, Infernal Pre-Igniter, Chitinous Plating, Combat Shield, Corvid Reactor, Cloaking Field, Durable Materials, Metabolic Boost, Psionic Storm, Neural Parasite, Neosteel Frame  
  22  6:38  Probe  
  23  6:43  Muscular Augments x2, Burrow  
  23  6:46  Zealot  
  23  6:50  Probe  
  26  6:57  Gravitic Drive, Hi-Sec Auto Tracking, Pathogen Glands, Graviton Catapult, Gravitic Boosters, Caduceus Reactor, Behemoth Reactor, Moebius Reactor  
  26  7:03  Probe  
  27  7:11  Pneumatized Carapace, Concussive Shells  
  27  7:15  Probe  
  28  7:27  Probe  
  29  7:39  Probe  
  29  7:43  Pylon  
  33  7:54  Unknown x5  
    8:07  Probe x12  
    8:19  Unknown  
  12  8:20  Probe  
  13  8:33  Probe  
  14  8:45  Probe  
  15  8:53  Pylon  
  15  9:07  Probe  
  15  9:10  Pylon  
  15  9:11  Pylon  
  15  9:15  Probe  
  17  9:41  Nexus  
  17  9:44  Probe  
  18  9:56  Probe  
  19  10:05  Gateway  
  19  10:09  Probe  
  20  10:19  Probe  
  21  10:27  Probe  
  21  10:35  Probe  
  23  10:45  Probe  
  24  10:52  Zealot  
  24  10:53  Probe  
  24  10:56  Probe  
  28  11:06  Gateway  
  28  11:07  Probe  
  29  11:14  Probe  
  30  11:19  Zealot  
  30  11:22  Probe  
  30  11:25  Probe  
  34  11:36  Probe  
  35  11:40  Probe  
  35  11:44  Cybernetics Core  
  36  11:50  Probe  
  36  11:53  Gateway  
  37  11:54  Probe  
  38  12:04  Probe  
  39  12:08  Probe  
  40  12:19  Probe  
  41  12:26  Probe  
  42  12:34  Probe  
  43  12:39  Pylon  
  43  12:41  Probe  
  44  12:46  Probe  
  45  12:56  Probe  
  46  12:59  Probe  
  47  13:10  Probe  
  48  13:13  Probe  
  49  13:25  Probe  
  50  13:29  Probe  
  51  13:39  Probe  
  52  13:42  Probe  
  53  13:50  Pylon  
  53  13:53  Probe  
  54  14:00  Probe  
  55  14:03  Probe  
  56  14:14  Protoss Shields Level 3, Protoss Ground Armor Level 3, Protoss Ground Weapons Level 3  
  56  14:15  Probe  
  57  14:20  Probe  
  58  14:26  Pylon  
  58  14:29  Probe  
  59  14:36  Zerg Missile Weapons Level 3, Terran Ship Weapons Level 3, Zerg Flyer Armor Level 3, Zerg Melee Weapons Level 3, Terran Vehicle Weapons Level 3, Probe, Terran Ship Armor Level 3, Zerg Ground Armor Level 3, Terran Infantry Armor Level 3, Protoss Air Weapons Level 3, Terran Vehicle Armor Level 3, Zerg Flyer Weapons Level 3, Terran Infantry Weapons Level 3, Protoss Air Armor Level 3  
  60  14:39  Protoss Ground Armor Level 2, Protoss Shields Level 2, Protoss Ground Weapons Level 2  
  60  14:41  Probe  
  61  14:50  Probe  
  62  14:53  Probe  
  62  14:55  Zealot  
  62  14:57  Terran Ship Armor Level 2, Zerg Ground Armor Level 2, Zerg Flyer Armor Level 2, Protoss Air Weapons Level 2, Zerg Missile Weapons Level 2, Protoss Air Armor Level 2, Zerg Flyer Weapons Level 2, Terran Vehicle Armor Level 2, Terran Vehicle Weapons Level 2, Terran Infantry Armor Level 2, Terran Ship Weapons Level 2, Zerg Melee Weapons Level 2, Terran Infantry Weapons Level 2  
  65  15:01  Pylon  
  65  15:02  Probe  
  65  15:04  Protoss Shields Level 1, Protoss Ground Armor Level 1, Protoss Ground Weapons Level 1  
  66  15:08  Zealot  
  66  15:12  Blink, Probe  
  69  15:15  Probe  
  69  15:19  Terran Vehicle Armor Level 1, Protoss Air Armor Level 1, Terran Infantry Armor Level 1, Zerg Ground Armor Level 1, Protoss Air Weapons Level 1, Zerg Melee Weapons Level 1, Terran Infantry Weapons Level 1, Terran Ship Weapons Level 1, Terran Vehicle Weapons Level 1, Zerg Missile Weapons Level 1, Terran Ship Armor Level 1, Zerg Flyer Weapons Level 1, Zerg Flyer Armor Level 1  
  70  15:26  Probe  
  71  15:33  Resonating Glaives, Charge, Weapon Refit, Stimpack, Neosteel Armor, Warp Gate, Extended Thermal Lance, Probe  
  72  15:37  Pylon  
  72  15:38  Probe  
  72  15:40  Adrenal Glands, Ventral Sacs  
  73  15:46  Enduring Locusts  
  73  15:47  Personal Cloaking  
  73  15:48  Probe  
  74  15:51  Probe  
  74  15:54  Glial Reconstitution, Tunneling Claws, Centrifical Hooks, Infernal Pre-Igniter, Chitinous Plating, Combat Shield, Corvid Reactor, Cloaking Field, Durable Materials, Metabolic Boost, Psionic Storm, Neural Parasite, Neosteel Frame  
  75  16:02  Muscular Augments x2, Burrow, Probe  
  76  16:06  Probe  
  77  16:16  Gravitic Drive, Hi-Sec Auto Tracking, Pathogen Glands, Graviton Catapult, Gravitic Boosters, Caduceus Reactor, Behemoth Reactor, Moebius Reactor, Probe  
  78  16:19  Probe  
  79  16:30  Pneumatized Carapace, Concussive Shells  
  79  16:31  Pylon, Probe  
  80  16:38  Probe  
  81  16:44  Zealot  
  81  16:45  Probe  
  80  16:48  Probe  
  81  16:59  Probe  
  85  17:13  Unknown x5  
    19:36  Probe x12  
    19:48  Unknown  
    19:49  Probe  
  13  20:08  Pylon  
  13  20:43  Nexus  
  13  20:57  Gateway  
  13  21:06  Pylon  
  13  21:14  Probe  
  13  21:16  Pylon  
  14  21:22  Probe  
  14  21:30  Probe  
  16  21:41  Probe  
  17  21:52  Gateway  
  17  21:53  Probe x2  
  19  22:02  Probe  
  19  22:06  Probe  
  20  22:13  Probe  
  22  22:24  Probe  
  23  22:32  Probe  
  24  22:39  Probe  
  24  22:42  Gateway  
  25  22:46  Probe  
  25  22:51  Probe  
  26  22:58  Probe  
  27  23:03  Probe  
  27  23:05  Cybernetics Core  
  28  23:10  Probe  
  30  23:22  Probe  
  31  23:30  Probe  
  32  23:37  Probe  
  33  23:45  Probe  
  34  23:52  Probe  
  35  23:56  Probe  
  36  24:03  Probe  
  36  24:09  Probe  
  37  24:16  Probe  
  39  24:27  Probe  
  40  24:35  Probe  
  41  24:42  Probe  
  42  24:49  Probe  
  43  24:54  Pylon  
  43  24:55  Probe  
  44  25:03  Probe  
  44  25:06  Probe  
  46  25:17  Probe  
  46  25:21  Probe  
  48  25:32  Probe  
  49  25:39  Probe  
  50  25:46  Probe  
  51  25:53  Probe  
  52  25:59  Probe  
  52  26:04  Pylon  
  53  26:07  Probe  
  53  26:11  Probe  
  55  26:22  Probe  
  56  26:25  Probe  
  57  26:36  Probe  
  58  26:42  Pylon  
  58  26:43  Probe  
  59  26:50  Probe  
  60  26:57  Probe  
  61  27:03  Probe  
  62  27:09  Zealot  
  62  27:12  Probe  
  62  27:15  Probe  
  65  27:16  Pylon  
  66  27:26  Probe  
  67  27:30  Probe  
  67  27:34  Zealot  
  70  27:40  Probe  
  71  27:47  Probe  
  72  27:52  Pylon  
  72  27:55  Probe  
  73  28:02  Probe  
  74  28:07  Probe  
  75  28:15  Probe  
  76  28:20  Probe  
  77  28:27  Probe  
  78  28:38  Probe  
  79  28:44  Pylon  
  79  28:45  Probe  
  80  28:52  Probe  
  81  28:59  Probe  
  82  29:07  Probe  
  83  29:12  Probe  
  84  29:19  Probe  
  85  29:24  Probe  
  86  29:31  Probe  
  86  29:38  Pylon  
  87  29:42  Probe  
  88  29:49  Probe  
  89  29:57  Probe  
  90  30:04  Probe  
  91  30:11  Probe  
  92  30:16  Probe  
  93  30:25  Probe  
  94  30:28  Protoss Shields Level 3, Protoss Ground Weapons Level 3, Protoss Ground Armor Level 3, Probe  
  94  30:30  Pylon  
  95  30:35  Probe  
  96  30:47  Probe  
  96  30:50  Zerg Missile Weapons Level 3, Terran Ship Weapons Level 3, Zerg Flyer Armor Level 3, Zerg Melee Weapons Level 3, Terran Vehicle Weapons Level 3, Terran Ship Armor Level 3, Zerg Ground Armor Level 3, Terran Infantry Armor Level 3, Protoss Air Weapons Level 3, Terran Vehicle Armor Level 3, Zerg Flyer Weapons Level 3, Terran Infantry Weapons Level 3, Protoss Air Armor Level 3  
  96  30:52  Probe  
  96  30:53  Protoss Ground Armor Level 2, Protoss Shields Level 2, Protoss Ground Weapons Level 2  
  99  30:57  Zealot  
  99  31:01  Probe  
  97  31:05  Assimilator  
  97  31:09  Pylon, Probe  
  90  31:11  Terran Ship Armor Level 2, Zerg Ground Armor Level 2, Zerg Flyer Armor Level 2, Protoss Air Weapons Level 2, Zerg Missile Weapons Level 2, Protoss Air Armor Level 2, Zerg Flyer Weapons Level 2, Terran Vehicle Armor Level 2, Terran Vehicle Weapons Level 2, Terran Infantry Armor Level 2, Terran Ship Weapons Level 2, Zerg Melee Weapons Level 2, Terran Infantry Weapons Level 2  
  90  31:16  Probe  
  90  31:18  Protoss Shields Level 1, Protoss Ground Armor Level 1, Protoss Ground Weapons Level 1  
  90  31:23  Probe  
  93  31:25  Zealot  
  93  31:26  Blink  
  93  31:30  Probe  
  93  31:33  Terran Vehicle Armor Level 1, Protoss Air Armor Level 1, Terran Infantry Armor Level 1, Zerg Ground Armor Level 1, Protoss Air Weapons Level 1, Zerg Melee Weapons Level 1, Terran Infantry Weapons Level 1, Terran Ship Weapons Level 1, Terran Vehicle Weapons Level 1, Zerg Missile Weapons Level 1, Terran Ship Armor Level 1, Zerg Flyer Weapons Level 1, Zerg Flyer Armor Level 1  
  93  31:37  Probe  
  94  31:43  Probe  
  93  31:47  Resonating Glaives, Charge, Weapon Refit, Stimpack, Neosteel Armor, Warp Gate, Extended Thermal Lance  
  93  31:51  Probe  
  91  31:54  Adrenal Glands, Ventral Sacs  
  91  31:55  Probe  
  91  32:00  Enduring Locusts  
  86  32:01  Personal Cloaking  
  86  32:02  Probe  
  58  32:08  Glial Reconstitution, Tunneling Claws, Centrifical Hooks, Infernal Pre-Igniter, Chitinous Plating, Combat Shield, Corvid Reactor, Cloaking Field, Durable Materials, Metabolic Boost, Psionic Storm, Neural Parasite, Neosteel Frame  
  58  32:13  Probe  
  36  32:16  Muscular Augments x2, Burrow  
  36  32:21  Pylon  
  22  32:25  Pylon  
  6  32:30  Gravitic Drive, Hi-Sec Auto Tracking, Pathogen Glands, Graviton Catapult, Gravitic Boosters, Caduceus Reactor, Behemoth Reactor, Moebius Reactor  
  1  32:44  Pneumatized Carapace, Concussive Shells  
    33:27  Unknown x5  
    33:34  Probe x12  
    33:46  Unknown  
  12  33:48  Probe  
  13  34:05  Pylon  
  13  34:21  Assimilator  
  13  34:24  Pylon  
  13  34:41  Pylon  
  13  35:12  Nexus  
  13  35:13  Probe  
  13  35:21  Probe  
  15  35:29  Probe  
  16  35:39  Probe  
  17  35:48  Probe  
  17  35:54  Gateway  
  17  35:56  Probe  
  19  36:06  Probe  
  20  36:16  Probe  
  21  36:24  Probe  
  22  36:32  Probe  
  23  36:41  Cybernetics Core  
  23  36:43  Probe  
  24  36:48  Probe  
  25  36:58  Gateway, Probe  
  25  37:01  Probe  
  27  37:12  Probe  
  28  37:18  Probe  
  28  37:20  Robotics Facility  
  29  37:26  Probe  
  29  37:29  Probe  
  30  37:31  Zealot  
  33  37:41  Probe  
  34  37:46  Gateway  
  34  37:48  Probe  
  35  37:53  Probe  
  36  38:02  Probe  
  37  38:05  Probe  
  38  38:16  Probe  
  39  38:24  Probe  
  40  38:27  Warp Prism, Probe  
  43  38:38  Probe  
  44  38:42  Probe  
  45  38:52  Probe  
  45  38:54  Pylon  
  45  38:55  Stargate  
  46  38:57  Probe  
  47  39:03  Warp Prism  
  47  39:06  Probe  
  50  39:10  Probe  
  50  39:13  Zealot  
  53  39:21  Probe  
  54  39:26  Probe  
  55  39:32  Pylon  
  55  39:35  Probe  
  56  39:38  Probe  
  57  39:49  Probe  
  58  39:56  Probe  
  59  40:04  Observer, Probe  
  61  40:07  Probe  
  62  40:14  Pylon  
  62  40:18  Probe  
  63  40:24  Probe  
  64  40:30  Probe  
  65  40:39  Probe  
  66  40:42  Probe  
  67  40:54  Probe  
  68  41:00  Probe  
  69  41:04  Pylon  
  69  41:08  Probe  
  70  41:11  Probe  
  70  41:15  Observer  
  72  41:22  Probe  
  73  41:29  Probe  
  74  41:34  Probe  
  75  41:44  Probe  
  76  41:47  Probe  
  76  41:49  Pylon  
  77  41:58  Probe  
  78  42:05  Probe  
  79  42:09  Probe  
  80  42:19  Probe  
  81  42:23  Probe  
  82  42:34  Probe  
  83  42:38  Pylon, Probe  
  84  42:48  Probe  
  85  42:51  Probe  
  86  43:01  Stalker  
  86  43:02  Probe  
  87  43:08  Pylon  
  87  43:09  Probe  
  90  43:17  Probe  
  91  43:21  Observer  
  91  43:22  Zealot  
  91  43:24  Probe  
  95  43:29  Pylon  
  95  43:31  Probe  
  96  43:35  Zealot  
  96  43:38  Probe  
  99  43:42  Probe  
  100  43:53  Probe  
  101  43:57  Probe  
  102  44:08  Stalker  
  102  44:09  Probe  
  101  44:11  Pylon  
  101  44:14  Zealot  
  101  44:16  Probe  
  102  44:23  Probe  
  105  44:30  Probe  
  106  44:33  Zealot  
  106  44:37  Probe  
  109  44:44  Probe  
  110  44:52  Probe  
  111  44:55  Pylon  
  111  44:59  Stalker, Probe  
  114  45:06  Probe  
  115  45:13  Probe  
  116  45:18  Probe  
  117  45:27  Probe  
  118  45:31  Probe  
  118  45:32  Pylon  
  119  45:42  Probe  
  113  45:46  Stalker  
  113  45:47  Probe  
  115  45:56  Probe  
  108  46:00  Probe  
  95  46:11  Probe  
  95  46:15  Zealot  
  82  46:22  Probe  
  70  46:31  Probe  
  54  46:33  Pylon  
Tags
 
Add a new tag
Caveats
  • Supply blocks, unpowered buildings, or Contaminate may cause inaccurate times.
  • Supply counts are checked every 10 seconds.